 Dungeon Crawl Stone Soup version 0.16-a0-3178-g2c88c44 (webtiles) character file.

109 Johnny the Bolt Thrower (level 5, 0/40 HPs)
             Began as a Human Hunter on Dec 17, 2014.
             Killed from afar by Sigmund (11 damage)
             ... with a puff of flame
             ... on level 3 of the Dungeon.
             The game lasted 00:02:41 (1643 turns).

Johnny the Bolt Thrower (Human Hunter)              Turns: 1643, Time: 00:02:41

Health: 0/40       AC:  5    Str: 12    XL:     5   Next: 13%
Magic:  5/5        EV: 12    Int: 11    God:
Gold:   130        SH:  0    Dex: 15    Spells: 0 memorised, 4 levels left

rFire  . . .     SeeInvis .     b - +1 hand crossbow
rCold  . . .     Clarity  .     d - +0 leather armour
rNeg   . . .     SustAb   .     (no shield)
rPois  +         Gourm    .     h - +0 helmet
rElec  .         Spirit   .     (no cloak)
rCorr  .         Warding  .     j - +0 pair of gloves
rMut   .         Stasis   .     (no boots)
MR     .....                    (no amulet)
Stlth  ++........               (no ring)
                                k - ring of poison resistance

@: not resistant to hostile enchantments, unstealthy
A: no striking features
a: no special abilities


You were on level 3 of the Dungeon.
You were not hungry.

You visited 1 branch of the dungeon, and saw 3 of its levels.

You collected 130 gold pieces.

Inventory:

Hand weapons
 a - a +0 short sword
 b - a +1 hand crossbow (weapon)
 u - a +1 short sword of protection
Missiles
 e - a bolt of flame (quivered)
Armour
 d - a +0 leather armour (worn)
 h - a +0 helmet (worn)
 j - a +0 pair of gloves (worn)
Jewellery
 k - a ring of poison resistance (left hand)
 t - an uncursed ring of sustain abilities {unknown}
Magical devices
 o - a wand of teleportation (5)
Scrolls
 g - 2 scrolls of noise {unknown}
 l - 2 scrolls of teleportation {unknown}
 n - a scroll of enchant weapon {unknown}
 p - 3 scrolls of random uselessness {unknown}
 r - 4 scrolls of remove curse {unknown}
 s - a scroll of recharging {unknown}
 w - a scroll of identify {unknown}
 y - a scroll of amnesia {unknown}
 C - 2 scrolls of fear {unknown}
Potions
 i - 3 potions of curing {unknown}
 q - a potion of poison {unknown}
 v - a potion of experience {unknown}
 x - a potion of lignification {unknown}
 z - a potion of flight {unknown}
Comestibles
 f - 2 bread rations
 m - a meat ration
 A - 2 chunks of flesh
 B - a slice of pizza


   Skills:
 + Level 2.8 Fighting
 * Level 4.8 Crossbows
 + Level 2.0 Armour
 + Level 2.6 Dodging
 - Level 1.0 Stealth


You had 4 spell levels left.
You didn't know any spells.

Dungeon Overview and Level Annotations

Branches:
Dungeon (3/15)

Altars:
Dithmenos
Fedhas
Makhleb
Vehumet

Annotations:
D:3 Sigmund


Message History

Sigmund is almost dead.
Firing (i - inventory):
e - 3 bolts of flame (quivered)
Press: ? - help, Shift-Dir - straight line, f/p - Sigmund
Aim: Sigmund, wielding a scythe, wearing a robe and carrying a wand of frost {zapped: 3} (almost dead)
You shoot a bolt of flame.
The bolt of flame closely misses Sigmund.
Sigmund zaps a wand.
The puff of frost misses you.
Unknown command.
Firing (i - inventory):
e - 2 bolts of flame (quivered)
Press: ? - help, Shift-Dir - straight line, f/p - Sigmund
Aim: Sigmund, wielding a scythe, wearing a robe and carrying a wand of frost {zapped: 4} (severely wounded)
You shoot a bolt of flame.
The bolt of flame hits Sigmund but does no damage.
The bolt of flame burns Sigmund.
Sigmund is almost dead.
Sigmund zaps a wand.
The puff of frost hits you!
* * * LOW HITPOINT WARNING * * *
Sigmund casts a spell at you. The puff of flame hits you!
You die...

#...#### . ###.# #.
... ###.###### #(.
..### .........#
#.. .(#.
###.####.## #.. (..
###.####..###..##@.
...†..........(>...
###.###.#.###+#(.#
###+###.#.......@#
......#.#........#
......+.##.......#
......####.......#
..............#[.#
....#.#####.###..##
.........##..##..<#
#####.##.###.##...#
#####.##.###..#...#


You could see Sigmund.

Vanquished Creatures
  3 adders
  2 worms (D:2)
  4 giant geckos
  An ooze (D:2)
  4 orcs (D:3)
  7 bats
  A giant cockroach (D:2)
  6 goblins
  6 hobgoblins
  4 jackals (D:3)
  9 kobolds
  4 giant newts
  6 rats
57 creatures vanquished.

Notes
Turn   | Place    | Note
--------------------------------------------------------------
     0 | D:1      | Johnny, the Human Hunter, began the quest for the Orb.
     0 | D:1      | Reached XP level 1. HP: 16/16 MP: 1/1
   185 | D:1      | Reached XP level 2. HP: 22/22 MP: 2/2
   546 | D:2      | Reached XP level 3. HP: 28/28 MP: 3/3
   638 | D:2      | Reached skill level 1 in Armour
   651 | D:2      | Found a radiant altar of Vehumet.
   852 | D:2      | Reached XP level 4. HP: 34/34 MP: 4/4
   922 | D:2      | Found a burning altar of Makhleb.
  1179 | D:2      | Found a shadowy altar of Dithmenos.
  1524 | D:3      | Found a blossoming altar of Fedhas.
  1537 | D:3      | Reached XP level 5. HP: 40/40 MP: 5/5
  1636 | D:3      | Noticed Sigmund
  1643 | D:3      | Killed from afar by Sigmund

Action                   |  1- 3 |  4- 6 || total
-------------------------+-------+-------++-------
 Fire: Hand crossbow     |    55 |    83 ||   138
  Eat: Chunk             |       |     2 ||     2
